 Dungeon Crawl Stone Soup version 0.21.1 (webtiles) character file.

6424 Monsterracer the Martial Artist (level 10, -6/68 HPs)
             Began as an Octopode Monk on Feb 2, 2018.
             Was a Priest of Dithmenos.
             Killed by divine providence
             ... invoked by a meliai
              (12 damage)
             ... on level 13 of the Dungeon.
             The game lasted 00:19:47 (13024 turns).

Monsterracer the Martial Artist (Octopode Monk)    Turns: 13024, Time: 00:19:47

Health: -6/68      AC:  1    Str: 11    XL:     10   Next: 98%
Magic:  14/14      EV: 17    Int: 17    God:    Dithmenos [***...]
Gold:   560        SH:  0    Dex: 16    Spells: 9/9 levels left

rFire    . . .     SeeInvis .     - Unarmed
rCold    . . .     Gourm    .   (no shield)
rNeg     . . .     Faith    .   (helmet restricted)
rPois    .         Spirit   .   t - amulet of rage
rElec    .         Reflect  .   o - +3 ring of intelligence
rCorr    .         Harm     .   (no ring)
MR       .....                  (no ring)
Stlth    ++++++++..             (no ring)
HPRegen  0.21/turn              (no ring)
MPRegen  0.14/turn              (no ring)
                                (no ring)
                                (no ring)

@: very slightly contaminated, wreathed by umbra
A: almost no armour, stealthy swim, amphibious, 8 rings, constrict 8, camouflage
1, gelatinous body 1
a: Shadow Step, Renounce Religion, Evoke Berserk Rage


You were on level 13 of the Dungeon.
You worshipped Dithmenos.
Dithmenos was most pleased with you.
You were hungry.

You visited 3 branches of the dungeon, and saw 13 of its levels.

You collected 560 gold pieces.

Inventory:

Hand Weapons
 b - a +0 dagger {!a}
 m - a cursed -2 dagger
Armour
 v - a +0 large shield
Jewellery
 o - a +3 ring of intelligence (left tentacle)
 t - an amulet of rage (around mantle)
Wands
 h - a wand of scattershot (3)
 k - a wand of polymorph (10)
Scrolls
 f - 3 scrolls of blinking
 i - 4 scrolls of remove curse
 q - 3 scrolls of magic mapping {!r}
Potions
 a - 3 potions of might
 d - 5 potions of curing
 e - a potion of brilliance
 g - 3 potions of haste
 j - a potion of heal wounds
 l - 2 potions of flight
 n - 2 potions of agility
 r - a potion of magic
 u - a potion of cancellation
Comestibles
 c - 15 rations


   Skills:
 + Level 6.2 Fighting
 - Level 4.0 Short Blades
 + Level 6.2 Dodging
 + Level 10.5 Stealth
 * Level 10.6 Unarmed Combat
 + Level 5.9 Invocations


You had 9 spell levels left.
You didn't know any spells.

Dungeon Overview and Level Annotations

Branches:
Dungeon (13/15)            Temple (1/1) D:5            Lair (1/6) D:8
    Orc: D:9-12      Vaults: D:13-14

Altars:
Ashenzari
Cheibriados
Dithmenos
Elyvilon
Fedhas
Gozag
Hepliaklqana
Kikubaaqudgha
Makhleb
Nemelex Xobeh
Okawaru
Ru
Trog
Uskayaw
Vehumet
Wu Jian
Xom
Yredelemnul
Zin
The Shining One

Annotations:
D:3 1 runed door


Innate Abilities, Weirdness & Mutations

You cannot wear most types of armour.
You are very stealthy in the water. (Stealth+)
You are amphibious.
You can wear up to eight rings at the same time.
You can use your tentacles to constrict eight enemies at once.
Your skin changes colour to match your surroundings (Stealth+).
Your rubbery body absorbs attacks. (AC +1, EV +1)


Message History

You tentacle-slap the demonic crawler but do no damage.
The demonic crawler is lightly wounded.
The demonic crawler hits you! The demonic crawler misses you.
The demonic crawler barely misses you.
You take 7 damage, and have 46/68 hp.
You barely miss the demonic crawler.
You squeeze the demonic crawler, but do no damage.
The demonic crawler is lightly wounded.
The demonic crawler closely misses you. The demonic crawler misses you.
The demonic crawler hits you.
You take 2 damage, and have 44/68 hp.
You tentacle-slap the demonic crawler but do no damage.
The demonic crawler is lightly wounded.
The demonic crawler barely misses you.
The demonic crawler completely misses you.
The demonic crawler misses you.
Evoke which item? (* to show all) (? for menu, Esc to quit)
Okay, then.
Evoke which item? (* to show all) (? for menu, Esc to quit)
Aiming: Polymorph
Press: ? - help, Shift-Dir - straight line, f - demonic crawler
Aim: a demonic crawler (lightly wounded, clinging, umbra, chance to defeat MR: 1%)
Okay, then.
You fail to use your ability.
The demonic crawler barely misses you. The demonic crawler misses you.
The demonic crawler hits you.
You take 6 damage, and have 38/68 hp.
You fail to use your ability.
The demonic crawler hits you!
* * * LOW HITPOINT WARNING * * *
The demonic crawler hits you!
* * * LOW HITPOINT WARNING * * *
The demonic crawler hits you!
* * * LOW HITPOINT WARNING * * *
You take 30 damage, and have 8/68 hp.
MASSIVE DAMAGE!!
Press: ? - help, v - describe, . - travel
Here: a demonic crawler (lightly wounded, clinging, umbra)
The floor.
Okay, then.
The demonic crawler closely misses you. The demonic crawler misses you.
The demonic crawler hits you!
* * * LOW HITPOINT WARNING * * *
You take 6 damage, and have 2/68 hp.
Blink to where?
Press: ? - help, Dir - move target cursor You are very lightly contaminated with residual magic.
As you read the scroll of blinking, it crumbles to dust.
An orc wizard comes into view. It is wielding a dagger.
As you read the scroll of teleportation, it crumbles to dust.
You feel strangely unstable.
The orc wizard moves out of view.
An orc comes into view. It is wielding a mace.
An orc comes into view. It is wielding a hand axe.
Your surroundings suddenly seem different.
A demonic crawler comes into view.
The demonic crawler gives a hideous shriek!
A demonic crawler comes into view.
The demonic crawler gives a hideous shriek!
As you read the scroll of teleportation, it crumbles to dust.
You feel strangely unstable. The demonic crawler barely misses you.
The demonic crawler closely misses you.
The demonic crawler completely misses you.
Your surroundings suddenly seem different.
Found a stone staircase leading down.
A hippogriff, a scorpion, 4 orcs, a zombie and a skeleton come into view.
Okay, then.
The scorpion closely misses you. The orc wizard hits you with a dagger.
* * * LOW HITPOINT WARNING * * *
You take 2 damage, and have 2/68 hp.
You feel much better. The scorpion barely misses you.
The orc wizard closely misses you.
You regained 25 hp, and now have 27/68 hp.
The orc wizard misses you.
Found a stone staircase leading up.
There is a stone staircase leading down here.
The orc shouts!
The orc warrior shouts!
The hippogriff screeches!
The orc shouts!
The scorpion closely misses you. The orc wizard hits you with a dagger.
* * * LOW HITPOINT WARNING * * *
The centaur warrior zombie hits you.
* * * LOW HITPOINT WARNING * * *
You climb downwards. 3 kobolds, a deep elf mage, 2 cyclopes and 3 meliai come into view.
Found a glaive.
Found a stone staircase leading down.
There is a stone staircase leading up here.
Unknown command.
You take 8 damage, and have 20/68 hp.
Unknown command.
Unknown command.
The scorpion barely misses you. The orc wizard completely misses you.
The meliai hits you with a hand axe!
* * * LOW HITPOINT WARNING * * *
The meliai stings you.
* * * LOW HITPOINT WARNING * * *
The kobold throws a stone.
The stone closely misses you.
The stone hits the cyclops but does no damage.
The kobold shouts!
The meliai buzzes angrily.
The big kobold shouts!
The meliai buzzes angrily.
The cyclops shouts!
There is a stone staircase leading down, spattered with blood here.
You take 15 damage, and have 5/68 hp.
MASSIVE DAMAGE!!
The meliai invokes the aid of its god against you.
Something smites you!
You die...

....... .......
#.......#
$......
#.......#
.......
#.......#
.......
#.).....# .
.......
#.......#..
.......
#y..K......
.......
#.o........
.......
#Ky@K......
.......
........s.......
###....
.....y..........
....
......C.........
..
........e.......
....C...##......
#.......# ......
#.......# ......


You could see 2 cyclopes, a deep elf mage, a big kobold, 3 meliai, a scorpion,
an orc wizard and 2 kobolds.

Vanquished Creatures
  Pikel (D:8)
  A deep elf mage (D:12)
  An ugly thing (D:12)
  A centaur zombie (D:12)
  Psyche (D:8)
  A komodo dragon (D:8)
  2 hippogriffs
  Grum (D:7)
  A basilisk (Lair:1)
  A hungry ghost (D:8)
  A water moccasin (D:5)
  An orc warrior (D:8)
  3 phantoms
  2 sky beasts
  An eye of draining (D:9)
  A slave (D:7)
  3 wolves
  3 ogres
  A necrophage (D:8)
  A crocodile (D:13)
  Blork the orc (D:4)
  4 bullfrogs
  3 scorpions
  6 killer bees
  5 wights (D:7)
  A howler monkey (D:5)
  2 bullfrog zombies
  2 crimson imps
  2 jellies
  2 hounds
  2 orc priests (D:8)
  3 centaur skeletons
  5 worker ants
  Natasha (thrice) (D:2)
  15 orc wizards
  3 gnolls (D:4)
  8 adders
  A shadow imp (D:5)
  An ooze (D:1)
  An adder skeleton (D:6)
  3 worms
  2 dart slugs (D:1)
  2 leopard geckos
  12 orcs
  2 giant cockroaches
  5 goblins
  3 hobgoblins
  10 jackals
  2 quokkas
  3 bats
  5 frilled lizards
  A jackal zombie (D:5)
  2 kobolds (D:1)
  5 rats
155 creatures vanquished.

Vanquished Creatures (others)
  A goblin (D:1)
  3 plants (D:8)
4 creatures vanquished.

Grand Total: 159 creatures vanquished

Notes
Turn   | Place    | Note
-------+----------+-------------------------------------------
     0 | D:1      | Monsterracer the Octopode Monk began the quest for the Orb.
     0 | D:1      | Reached XP level 1. HP: 16/16 MP: 1/1
   165 | D:1      | Reached XP level 2. HP: 21/21 MP: 2/2
   503 | D:1      | HP: 10/21 [kobold/whip (6)]
   514 | D:1      | Reached XP level 3. HP: 9/26 MP: 3/3
   516 | D:1      | HP: 7/26 [rat (2)]
   985 | D:2      | Found a glowing golden altar of the Shining One.
  1014 | D:2      | Noticed Natasha
  1024 | D:2      | Killed Natasha
  1024 | D:2      | Reached XP level 4. HP: 22/31 MP: 4/4
  1038 | D:2      | Noticed Natasha
  1042 | D:2      | HP: 15/31 [Natasha (9)]
  1043 | D:2      | Killed Natasha
  1256 | D:2      | Found a hide-covered altar of Uskayaw.
  1359 | D:2      | Noticed Natasha
  1371 | D:2      | Killed Natasha
  1371 | D:2      | Reached XP level 5. HP: 20/36 MP: 5/5
  2000 | D:3      | Reached skill level 5 in Unarmed Combat
  2159 | D:3      | Reached skill level 5 in Stealth
  2261 | D:3      | HP: 18/36 [bullfrog (4)]
  2263 | D:3      | HP: 7/36 [bullfrog (6)]
  2267 | D:3      | Reached XP level 6. HP: 9/42 MP: 6/6
  2268 | D:3      | HP: 8/42 [adder (1)]
  2579 | D:3      | Found a runed door.
  2799 | D:4      | Found a hazy altar of Hepliaklqana.
  2892 | D:4      | HP: 21/42 [poisoned by a worker ant]
  2900 | D:4      | HP: 19/42 [poisoned by a worker ant]
  2908 | D:4      | HP: 18/42 [poisoned by a worker ant]
  3087 | D:4      | Found a shattered altar of Ashenzari.
  3133 | D:4      | Noticed Blork the orc
  3136 | D:4      | Found a radiant altar of Vehumet.
  3145 | D:4      | Killed Blork the orc
  3451 | D:4      | Reached XP level 7. HP: 44/46 MP: 7/7
  3546 | D:4      | HP: 15/46 [ogre/giant spiked club (9)]
  3990 | D:5      | Entered Level 5 of the Dungeon
  4062 | D:5      | Found a staircase to the Ecumenical Temple.
  4074 | D:5      | HP: 21/46 [something (3)]
  4084 | Temple   | Entered the Ecumenical Temple
  4118 | Temple   | Became a worshipper of Dithmenos the Shadowed
  4118 | Temple   | Reached * piety under Dithmenos
  4118 | Temple   | Reached ** piety under Dithmenos
  4509 | D:5      | Reached skill level 1 in Invocations
  4509 | D:5      | Reached XP level 8. HP: 28/52 MP: 7/9
  4510 | D:5      | HP: 26/52 [poisoned by a water moccasin]
  4515 | D:5      | HP: 22/52 [poisoned by a water moccasin]
  4520 | D:5      | HP: 20/52 [poisoned by a water moccasin]
  4527 | D:5      | HP: 18/52 [poisoned by a water moccasin]
  4534 | D:5      | HP: 17/52 [poisoned by a water moccasin]
  4541 | D:4      | HP: 16/52 [poisoned by a water moccasin]
  4845 | D:5      | Found a glowing silver altar of Zin.
  5061 | D:5      | Found a white marble altar of Elyvilon.
  5872 | D:6      | Found a sacrificial altar of Ru.
  6259 | D:6      | Found a basalt altar of Yredelemnul.
  6592 | D:7      | Found an iron altar of Okawaru.
  6712 | D:7      | HP: 25/54 [phantom (7)]
  6729 | D:7      | HP: 19/54 [phantom (9)]
  7293 | D:7      | Reached skill level 1 in Short Blades
  7666 | D:8      | Noticed Pikel
  7667 | D:8      | Noticed a catoblepas
  7770 | D:8      | Noticed Grum
  7783 | D:7      | HP: 27/54 [wolf[Grum] (9)]
  7785 | D:7      | HP: 6/54 [wolf[Grum] (10)]
  7786 | D:7      | Reached XP level 9. HP: 6/58 MP: 11/11
  8094 | D:8      | HP: 28/58 [hippogriff (4)]
  8370 | D:8      | Found a staircase to the Lair.
  8371 | D:8      | Noticed a komodo dragon
  8532 | D:8      | HP: 26/59 [hippogriff (8)]
  8533 | D:8      | HP: 10/59 [hippogriff (8)]
  8560 | D:8      | HP: 10/59 [hippogriff (5)]
  8880 | D:7      | HP: 29/59 [hippogriff (3)]
  9125 | D:7      | HP: 26/59 [Grum/spear (8)]
  9127 | D:7      | Killed Grum
  9638 | D:8      | Reached skill level 5 in Fighting
  9638 | D:8      | Reached skill level 5 in Dodging
  9702 | D:8      | Reached *** piety under Dithmenos
 10135 | D:8      | HP: 29/61 [komodo dragon (32)]
 10161 | D:8      | Killed a komodo dragon
 10161 | D:8      | Reached XP level 10. HP: 23/66 MP: 13/13
 10404 | D:8      | Killed Pikel
 10585 | D:8      | Found a shimmering altar of Xom.
 10645 | D:8      | Found a snail-covered altar of Cheibriados.
 11168 | D:8      | Noticed Psyche
 11174 | D:8      | Killed Psyche
 11174 | D:8      | Reached skill level 10 in Unarmed Combat
 11174 | D:8      | Reached skill level 5 in Invocations
 11437 | Lair:1   | Entered Level 1 of the Lair of Beasts
 11698 | D:8      | Reached skill level 10 in Stealth
 11727 | D:8      | HP: 34/68 [poisoned by a killer bee]
 11938 | D:9      | HP: 24/68 [ogre/giant club (23)]
 11941 | D:9      | HP: 9/68 [killer bee (8)]
 11942 | D:9      | HP: 1/68 [killer bee (8)]
 11955 | D:9      | HP: 6/102 [ogre/giant club (9)]
 11982 | D:9      | HP: 8/68 [killer bee (1)]
 11983 | D:9      | HP: 3/68 [killer bee (5)]
 12092 | D:9      | HP: 23/68 [killer bee (2)]
 12095 | D:9      | HP: 10/68 [killer bee (2)]
 12514 | D:9      | Noticed a two-headed ogre
 12661 | D:9      | You fall through a shaft for 3 floors!
 12661 | D:12     | Noticed a cyan ugly thing
 12661 | D:12     | Noticed a deep elf mage
 12665 | D:12     | HP: 33/68 [cyan ugly thing (13)]
 12666 | D:12     | Killed a cyan ugly thing
 12670 | D:12     | Killed a deep elf mage
 12860 | D:12     | HP: 31/68 [centaur warrior zombie (6)]
 13005 | D:12     | HP: 28/68 [demonic crawler (10)]
 13005 | D:12     | HP: 8/68 [demonic crawler (9)]
 13006 | D:12     | HP: 2/68 [demonic crawler (7)]
 13017 | D:12     | HP: 2/68 [orc wizard/dagger (2)]
 13022 | D:13     | Noticed a cyclops
 13022 | D:13     | Noticed a deep elf mage
 13022 | D:13     | Noticed a cyclops
 13023 | D:13     | HP: 7/68 [meliai/hand axe (13)]
 13024 | D:13     | Killed from afar by a meliai

Skill      XL: |  1  2  3  4  5  6  7  8  9 10 |
---------------+-------------------------------+-----
Stealth        | 3 4 5 6 7 8 9 10 | 10.5
Unarmed Combat | 4 5 6 7 8 9 10 | 10.6
Invocations    | 1 3 4 5 |  5.9
Fighting       | 4 5 6 |  6.2
Short Blades   | 1 3 4 |  4.0
Dodging        | 4 5 6 |  6.2

Action                   |  1- 3 |  4- 6 |  7- 9 | 10-12 || total
-------------------------+-------+-------+-------+-------++-------
Melee: Unarmed           |    50 |    88 |   286 |   115 ||   539
       Tentacles         |     6 |    24 |    51 |    23 ||   104
       Constrict         |    10 |    23 |    37 |    20 ||    90
       Punch             |       |     4 |    22 |     8 ||    34
       Dagger            |       |       |    17 |     9 ||    26
Evoke: Wand              |       |       |     1 |       ||     1
  Use: Scroll            |       |     9 |     7 |     5 ||    21
       Potion            |       |       |     1 |     4 ||     5
 Stab: Sleeping          |     6 |     4 |    20 |     6 ||    36
       Distracted        |     1 |     1 |     1 |     1 ||     4
  Eat: Chunk             |       |     8 |    12 |     5 ||    25
       Ration            |       |       |     3 |     1 ||     4
Armor: Skin              |       |     1 |    13 |    12 ||    26
Dodge: Dodged            |    24 |    39 |   198 |    91 ||   352

Vault maps used:
D:1:      dpeg_arrival_tiny_j
D:2:      old_standard_altar, eat_drink_and_be_merry_uskayaw, first_ration,
          uniq_natasha
D:3:      uniq_crazy_yiuf_cottage
D:4:      cheibrodos_ashenzari_chains, kennysheep_mini, lemuel_crystal_altar,
          uniq_blork_the_orc
D:5:      old_standard_altar, minmay_temple_entry_hall, basic_altar,
          minmay_misc_feat_diagonals
D:6:      yredelemnul_altar_generic, nicolae_ru_awakened_eye, minivault_1
D:7:      okawaru_ov_weapons_minmay
D:8:      minmay_flawed_box, cheibriados_altar_1, lemuel_doored_altar, tgw_sif,
          david_lair_shrubbed, hangedman_decor_growths, uniq_joseph, uniq_grum,
          uniq_pikel, uniq_psyche
D:9:      nicolae_qazlal_style_of_elements, serial_shops, nicolae_shop_trees
D:12:     cheibrodos_hippocracy, hangedman_fish_farm
D:13:     minmay_crystal_box, uniq_snorg
Temple:   kb_temple_of_zot
